Map: Jagannatha LE

Players

RAGNAROK (SHIN) - Winner!

  • Race: Zerg Zerg
  • League: Grandmaster
  • Spawn Location: 7:00

TYTY (TY)

  • Race: Terran Terran
  • League: Grandmaster
  • Spawn Location: 1:00

Event: TSL 6

VOD

Have the link to the VOD?

Description

Time

  • Played on: Dec. 13, 2020, 9:18 a.m.
  • Length: 3:47

All games in this series

Show
View Real Time Build Order
Export as new Build Order

RAGNAROK Zerg - Winner!

Build Orders: Pool First 

Get SALT Encoding   

  12  0:00  Drone  
  13  0:12  Overlord  
  13  0:17  Drone  
  14  0:31  Drone x2  
  16  0:40  Spawning Pool  
  15  0:44  Drone  
  15  0:48  Drone  
  17  0:56  Drone  
  18  1:11  Hatchery  
  17  1:13  Extractor  
  16  1:27  Zergling x4  
  16  1:28  Zergling x2  
  16  1:31  Queen  
  21  1:39  Overlord  
  21  1:50  Zergling x2  
  22  1:57  Roach Warren  
  21  2:02  Zergling x2  
  22  2:12  Zergling x2  
  22  2:38  Roach x4  
  22  2:41  Roach x2  
  34  2:52  Overlord  
  34  2:59  Drone x2  
  35  3:11  Ravager  
  35  3:12  Drone x2  
  38  3:19  Drone x2  
  40  3:28  Ravager  
  40  3:29  Overlord  
  40  3:33  Drone  
  40  3:34  Drone  
Show
View Real Time Build Order
Export as new Build Order

TYTY Terran 

Build Orders:  

Get SALT Encoding   

  12  0:00  SCV  
  13  0:12  SCV  
  14  0:18  Supply Depot  
  14  0:24  SCV  
  15  0:40  Barracks  
  15  0:51  Barracks  
  15  0:56  SCV  
  16  1:08  SCV  
  18  1:27  Orbital Command, Marine  
  18  1:31  Supply Depot  
  18  1:34  Refinery  
  18  1:38  Marine  
  19  1:45  Marine  
  21  1:54  SCV  
  21  1:56  Marine  
  22  2:03  Marine  
  22  2:05  Supply Depot  
  22  2:06  SCV  
  24  2:14  Marine  
  25  2:18  SCV  
  25  2:21  Marine  
  27  2:30  SCV  
  27  2:31  Marine  
  29  2:38  Marine  
  29  2:41  Factory  
  29  2:42  SCV  
  31  2:54  SCV  
  30  3:06  SCV  
  30  3:10  Command Center  
  31  3:19  Refinery  
  31  3:24  Factory Reactor  
  31  3:26  SCV  
  32  3:31  Supply Depot  
  32  3:38  Starport  
Tags
 
Add a new tag
Caveats
  • Supply blocks, unpowered buildings, or Contaminate may cause inaccurate times.
  • Supply counts are checked every 10 seconds.